 Dungeon Crawl Stone Soup version 0.31.0-11-ge490571c62 (webtiles) character file.

Game seed: 16623596648061956713

18 Bravepunisher the Ducker (level 2, 0/16 HPs)
             Began as a Spriggan Monk on Feb 4, 2024.
             Slain by a hound (3 damage)
             ... on level 3 of the Dungeon.
             The game lasted 00:01:49 (408 turns).

Bravepunisher the Ducker (Spriggan Monk)             Turns: 408, Time: 00:01:49

Health: 0/16       AC:  2    Str:  7    XL:     2   Next: 48%
Magic:  3/3        EV: 19    Int: 11    God:
Gold:   35         SH:  0    Dex: 17    Spells: 1/1 levels left

rFire   . . .        a - +0 short sword
rCold   . . .        (no shield)
rNeg    . . .        b - +0 robe
rPois   .            (helmet restricted)
rElec   .            (no cloak)
rCorr   .            (gloves unavailable)
SInv    +            (boots unavailable)
Will    .....        (no amulet)
Stlth   ++           (no ring)
HPRegen 0.22/turn    (no ring)
MPRegen 0.08/turn

%: no passive effects
@: very quick
A: very small, no large weapons, unfitting armour, see invisible, speed 3
a: no special abilities


You were on level 3 of the Dungeon.
You visited 1 branch of the dungeon, and saw 3 of its levels.

You collected 35 gold pieces.

Inventory:

Hand Weapons
 a - a +0 short sword (weapon)
Armour
 b - a +0 robe (worn)
Scrolls
 f - a scroll of butterflies
Potions
 c - a potion of ambrosia


   Skills:
 + Level 2.7 Fighting
 - Level 3.2 Short Blades
 * Level 4.8 Dodging


You had one spell level left.
You didn't know any spells.
Your spell library was empty.

Dungeon Overview and Level Annotations

Branches:
Dungeon (3/15)

Altars:
Zin


Innate Abilities, Weirdness & Mutations

You are very small and have problems with some larger weapons.
You are too small for most types of armour.
You have supernaturally acute eyesight. (SInv)
You cover ground extremely quickly. (Speed+++)


Message History

It is a scroll of identify.
f - a scroll of butterflies The hound completely misses you.
The hound closely misses you.
As you read the scroll labelled SIC LUUGUIRO, it crumbles to dust.
You feel aware of your surroundings.
You sensed 1 shop/portal.
It was a scroll of revelation.
The hound bites you but does no damage. The hobgoblin closely misses you.
You miss the hound.
The hound is lightly wounded.
The hound bites you. The hobgoblin completely misses you. The hound misses you.
You hit the hobgoblin.
The hobgoblin is almost dead.
The hound completely misses you. The hobgoblin closely misses you.
You hit the hobgoblin but do no damage.
The hobgoblin is almost dead.
The hound bites you. The hobgoblin closely misses you.
You hit the hobgoblin.
You kill the hobgoblin!
The hound barely misses you.
You barely miss the hound.
The hound is lightly wounded.
The hound bites you but does no damage. The hound barely misses you.
You hit the hound but do no damage.
The hound is lightly wounded.
The quokka bites you. The hound bites you but does no damage.
You barely miss the hound.
The hound is lightly wounded.
The quokka completely misses you. The hound bites you.
* * * LOW HITPOINT WARNING * * *
You hit the hound.
The hound is moderately wounded.
The hound closely misses you. The quokka misses you.
You hit the quokka. Your punch misses the quokka.
The quokka is heavily wounded.
The hound closely misses you. The quokka barely misses you.
You barely miss the quokka.
The quokka is heavily wounded.
The hound bites you but does no damage. The quokka misses you.
The hound bites you.
You die...

*,,,,,,,,,,*
*,<,,......#########
*,,,,......#########
*,,,,......#########
*,,,,......#########
**,,,.....##########
**,,,.....##########
*****,,,,......###.#####
,,,,,^,,,.....bh@r.#####
*****,,,,...$..###.#####
,* *,,,,......###.#####
,****,,,,......###.#######
,,,,,,,,,...........r....#
,,*****,,....####.######.#
,,** **,,...#####.#####S.#
,,,***,,,....####.#####S##
,,,,,,,,,,,,,* *..* #.#


You could see a hound, a quokka and a bat.

Vanquished Creatures
  2 ball pythons (D:1)
  An endoplasm (D:3)
  A giant cockroach (D:1)
  3 goblins (D:1)
  3 hobgoblins
  A bat (D:1)
  2 kobolds (D:1)
  3 rats (D:1)
16 creatures vanquished.

Notes
Turn   | Place    | Note
-------+----------+-------------------------------------------
     0 | D:1      | Bravepunisher the Spriggan Monk began the quest for the
                  | Orb.
     0 | D:1      | Reached XP level 1. HP: 11/11 MP: 2/2
   152 | D:1      | Reached XP level 2. HP: 16/16 MP: 3/3
   292 | D:2      | Found a glowing silver altar of Zin.
   408 | D:3      | Slain by a hound

Illustrated notes

Levels and vault maps discovered:
D:1:      lemuel_arrival_behind_the_door_large, layout_loops_cross
D:2:      layout_basic, serial_curves, eino_curves_03, eino_curves_01,
          basic_altar, shapermc_ecumenical_altar_hornbeckon,
          serial_bayou_pond_d, kennysheep_pointless_box, uniq_sigmund
D:3:      layout_rooms, serial_shops, shop, uniq_robin

Action                     || total
---------------------------++-------
  Melee: Short sword       ||    57
    Use: Scroll            ||     2
   Stab: Sleeping          ||     2
 Armour: Robe              ||    21
  Dodge: Dodged            ||    47
